[Event "EYCC Open-U14 2019"]
[Site "Bratislava"]
[Date "2019.08.07"]
[Round "6.38"]
[White "Protassov, Vlad"]
[Black "Djurovic, Peko"]
[Result "1/2-1/2"]
[ECO "D08"]
[WhiteElo "1898"]
[BlackElo "2048"]
[Annotator "NA"]
[PlyCount "48"]
[EventDate "2019.08.02"]
[EventType "swiss"]
[EventCountry "SVK"]
[SourceTitle "playchess.com"]
[Source "ChessBase"]
[SourceQuality "1"]
[TimeControl "40/5400+30:1800+30"]

1. d4 d5 2. c4 e5 3. dxe5 d4 4. Nf3 Nc6 5. a3 Nge7 6. b4 Ng6 7. Bb2 Ngxe5 8. Nxe5 Nxe5 9. Qxd4 Qxd4 10. Bxd4 Nxc4 11. e3 Be6 12. Be2 a5 13. b5 Bd6 14. O-O O-O 15. Rc1 Ne5 16. Nc3 c5 17. bxc6 Nxc6 18. Nb5 Nxd4 19. Nxd4 Rfc8 20. Nxe6 Rxc1+ 21. Rxc1 fxe6 22. a4 Kf7 23. g4 Ke7 24. Kg2 g5 1/2-1/2

[Event "EYCC Open-U14 2019"]
[Site "Bratislava"]
[Date "2019.08.07"]
[Round "6.39"]
[White "Grahn, Vidar"]
[Black "Falkevall, Axel"]
[Result "1/2-1/2"]
[ECO "A46"]
[WhiteElo "1980"]
[BlackElo "2067"]
[Annotator "NA"]
[PlyCount "29"]
[EventDate "2019.08.02"]
[EventType "swiss"]
[EventCountry "SVK"]
[SourceTitle "playchess.com"]
[Source "ChessBase"]
[SourceQuality "1"]
[TimeControl "40/5400+30:1800+30"]

1. d4 Nf6 2. Nf3 e6 3. e3 d5 4. b3 c5 5. Bb2 Nc6 6. Bd3 cxd4 7. exd4 Bd6 8. a3 O-O 9. O-O b6 10. Nbd2 Bb7 11. Ne5 Ne7 12. Qe2 Rc8 13. f4 Qc7 14. Rf2 Ng6 15. g4 1/2-1/2

[Event "EYCC Open-U14 2019"]
[Site "Bratislava"]
[Date "2019.08.07"]
[Round "6.40"]
[White "Brnusak, Tomas"]
[Black "Antal, Hunor-Zoltan"]
[Result "1/2-1/2"]
[ECO "D25"]
[WhiteElo "2032"]
[BlackElo "1980"]
[Annotator "NA"]
[PlyCount "119"]
[EventDate "2019.08.02"]
[EventType "swiss"]
[EventCountry "SVK"]
[SourceTitle "playchess.com"]
[Source "ChessBase"]
[SourceQuality "1"]
[TimeControl "40/5400+30:1800+30"]

1. d4 d5 2. c4 dxc4 3. e3 Nf6 4. Nf3 a6 5. Bxc4 e6 6. O-O Be7 7. b3 b5 8. Be2 O-O 9. Bb2 Bb7 10. Nbd2 c5 11. a4 b4 12. Rc1 Nbd7 13. Nc4 Rc8 14. h3 Ne4 15. Nfe5 Nxe5 16. Nxe5 Bf6 17. Bf3 Qe7 18. Qd3 Bxe5 19. Bxe4 Bxe4 20. Qxe4 Bf6 21. Rfd1 Rfd8 22. Rc4 cxd4 23. Rxc8 Rxc8 24. Bxd4 Rd8 25. Rc1 Bxd4 26. exd4 g6 27. Qe5 Qd6 28. Rc8 Qd7 29. Rxd8+ Qxd8 30. a5 Qc8 31. Qc5 Qb7 32. g3 Kg7 33. Qd6 h6 34. h4 h5 35. Qb6 Qe4 36. Qxb4 Qb1+ 37. Kg2 Qe4+ 38. Kf1 Qb1+ 39. Ke2 Qe4+ 40. Kd2 Qf3 41. Qc3 Qxf2+ 42. Kc1 Qf1+ 43. Kb2 Qg2+ 44. Ka3 Qd5 45. Qc5 Qh1 46. Qe5+ Kg8 47. Kb4 Qb7+ 48. Kc4 Qg2 49. Kc5 Qb7 50. Kc4 Qg2 51. Qb8+ Kg7 52. Kc5 Qd5+ 53. Kb6 Qxb3+ 54. Ka7 Qc4 55. Qe5+ Kg8 56. Qc5 Qd3 57. Qc8+ Kg7 58. Qxa6 Qxd4+ 59. Qb6 Qd7+ 60. Qb7 1/2-1/2

[Event "EYCC Open-U14 2019"]
[Site "Bratislava"]
[Date "2019.08.07"]
[Round "6.41"]
[White "Schlegel, Igor"]
[Black "Chlpek, Daniel"]
[Result "1-0"]
[ECO "B90"]
[WhiteElo "1968"]
[BlackElo "1912"]
[Annotator "NA"]
[PlyCount "113"]
[EventDate "2019.08.02"]
[EventType "swiss"]
[EventCountry "SVK"]
[SourceTitle "playchess.com"]
[Source "ChessBase"]
[SourceQuality "1"]
[TimeControl "40/5400+30:1800+30"]

1. e4 c5 2. Nf3 d6 3. d4 cxd4 4. Nxd4 Nf6 5. Nc3 a6 6. Bc4 e6 7. Bb3 Be7 8. g4 h6 9. Be3 Bd7 10. f3 Nc6 11. Qd2 b5 12. O-O-O Ne5 13. h4 Qc7 14. g5 hxg5 15. hxg5 Nh5 16. Kb1 O-O-O 17. Nf5 Bc6 18. Nxe7+ Qxe7 19. Bb6 Rd7 20. f4 Ng6 21. Rdf1 Kb7 22. Qf2 Qe8 23. Ba5 Ka8 24. Ne2 Bxe4 25. Rxh5 Rxh5 26. Ng3 Rh4 27. Nxe4 Rxf4 28. Qg2 Rxf1+ 29. Qxf1 Qc8 30. c4 d5 31. cxd5 exd5 32. Nc3 Qc6 33. Qf3 Ne7 34. Qxf7 d4 35. Nd1 Qg6+ 36. Qxg6 Nxg6 37. Kc1 Kb7 38. Nf2 Ne5 39. Bc2 d3 40. Bb1 Nc4 41. Bd2 Rd5 42. g6 Ne5 43. Bc3 Nxg6 44. Bxd3 Rg5 45. Bxg7 Rg1+ 46. Kc2 Ne7 47. Bd4 Rg8 48. Ne4 Nc6 49. Bc5 Rg2+ 50. Kc3 b4+ 51. Kb3 a5 52. Nd6+ Kc7 53. Nc4 Rg5 54. Bb6+ Kb7 55. Ka4 Rg4 56. Bxa5 Rd4 57. Be2 1-0

[Event "EYCC Open-U14 2019"]
[Site "Bratislava"]
[Date "2019.08.07"]
[Round "6.42"]
[White "Lopez Varela, Pablo"]
[Black "Soucek, Petr"]
[Result "1-0"]
[ECO "C55"]
[WhiteElo "2131"]
[BlackElo "1725"]
[Annotator "NA"]
[PlyCount "83"]
[EventDate "2019.08.02"]
[EventType "swiss"]
[EventCountry "SVK"]
[SourceTitle "playchess.com"]
[Source "ChessBase"]
[SourceQuality "1"]
[TimeControl "40/5400+30:1800+30"]

1. e4 e5 2. Nf3 Nc6 3. Bc4 Nf6 4. d3 Be7 5. O-O O-O 6. Re1 d6 7. a4 Na5 8. Ba2 c5 9. Nc3 a6 10. Bg5 Rb8 11. Bxf6 Bxf6 12. Nd5 Nc6 13. c3 b5 14. axb5 axb5 15. b4 Ne7 16. bxc5 dxc5 17. Nxf6+ gxf6 18. d4 Ng6 19. dxc5 Qc7 20. Qd6 Qxd6 21. cxd6 Rd8 22. Red1 Rb6 23. c4 bxc4 24. Bxc4 Rbxd6 25. Rxd6 Rxd6 26. Ra8 Rc6 27. Nd2 Kg7 28. Ra7 Be6 29. Bxe6 Rxe6 30. Nf1 Nf4 31. g3 Nh3+ 32. Kg2 Ng5 33. Ra4 Rc6 34. Ne3 Rc1 35. Nf5+ Kg6 36. h4 Ne6 37. Ra8 Kh5 38. Rg8 Nf4+ 39. gxf4 exf4 40. Kf3 Rc3+ 41. Kxf4 h6 42. Rh8 1-0

[Event "EYCC Open-U14 2019"]
[Site "Bratislava"]
[Date "2019.08.07"]
[Round "6.43"]
[White "Grzesik, Gracjan"]
[Black "Putar, Leon"]
[Result "1/2-1/2"]
[ECO "A25"]
[WhiteElo "2004"]
[BlackElo "1742"]
[Annotator "NA"]
[PlyCount "135"]
[EventDate "2019.08.02"]
[EventType "swiss"]
[EventCountry "SVK"]
[SourceTitle "playchess.com"]
[Source "ChessBase"]
[SourceQuality "1"]
[TimeControl "40/5400+30:1800+30"]

1. c4 e5 2. Nc3 Nc6 3. g3 Nf6 4. Bg2 Bc5 5. e3 O-O 6. Nge2 Re8 7. d3 a6 8. a3 d6 9. O-O Ba7 10. b4 Rb8 11. Bb2 Bf5 12. h3 Qd7 13. Kh2 e4 14. d4 d5 15. cxd5 Ne7 16. Na4 Nexd5 17. Nc5 Qd6 18. Qd2 b5 19. Rfc1 Red8 20. Qe1 Ra8 21. Nb7 Qd7 22. Nxd8 Rxd8 23. Nc3 Nb6 24. Qe2 Nc4 25. a4 c6 26. Qc2 Bb8 27. axb5 axb5 28. Nb1 Qd6 29. Qe2 Nd5 30. Nc3 Ndxe3 31. Bxe4 Kf8 32. Rab1 Re8 33. Bxf5 Nxf5 34. Qg4 g6 35. Ne4 Rxe4 36. Qxe4 Nxg3 37. Qg2 Nh5+ 38. Kg1 Nf4 39. Qg4 f5 40. Qf3 Ne2+ 41. Kf1 Nd2+ 42. Kxe2 Nxf3 43. Kxf3 Qf4+ 44. Ke2 Qe4+ 45. Kf1 Qh1+ 46. Ke2 Qxh3 47. d5 Qg4+ 48. Kf1 h5 49. Rxc6 Qf4 50. Rf6+ Kg8 51. Rxg6+ Kf8 52. Re1 Qc4+ 53. Kg1 Qxb4 54. Re2 h4 55. Rf6+ Kg8 56. Rg6+ Kf8 57. Rf6+ Kg7 58. Rb6+ Kf7 59. Rb7+ Kg6 60. Rxb8 Qg4+ 61. Kf1 Qh3+ 62. Ke1 Qh1+ 63. Kd2 Qxd5+ 64. Ke1 Qh1+ 65. Kd2 Qd5+ 66. Ke1 Qh1+ 67. Kd2 Qd5+ 68. Ke1 1/2-1/2

[Event "EYCC Open-U14 2019"]
[Site "Bratislava"]
[Date "2019.08.07"]
[Round "6.44"]
[White "Petreski, Leonid"]
[Black "Zemach, Nadav"]
[Result "1/2-1/2"]
[ECO "C54"]
[WhiteElo "1644"]
[BlackElo "1997"]
[Annotator "NA"]
[PlyCount "77"]
[EventDate "2019.08.02"]
[EventType "swiss"]
[EventCountry "SVK"]
[SourceTitle "playchess.com"]
[Source "ChessBase"]
[SourceQuality "1"]
[TimeControl "40/5400+30:1800+30"]

1. e4 e5 2. Nf3 Nc6 3. Bc4 Bc5 4. c3 Nf6 5. d3 O-O 6. O-O d5 7. exd5 Nxd5 8. Re1 Bg4 9. h3 Bh5 10. g4 Bg6 11. Nxe5 Nxe5 12. Rxe5 c6 13. Bxd5 Bd6 14. Re1 cxd5 15. Be3 Qh4 16. Qf3 Rad8 17. Bxa7 f5 18. Nd2 h5 19. gxh5 Bxh5 20. Qxd5+ Kh8 21. Qg2 Rf6 22. Nf3 Qf4 23. Ng5 Rg6 24. Be3 Rxg5 25. Qxg5 Qh2+ 26. Kf1 Bf3 27. Red1 Re8 28. Qg1 Qxh3+ 29. Ke1 f4 30. Kd2 fxe3+ 31. fxe3 Bxd1 32. Rxd1 Kg8 33. Rf1 Re6 34. Ke2 Qh5+ 35. Kd2 Qh3 36. Ke2 Qh5+ 37. Kd2 Rh6 38. Rf2 Qd5 39. Qg2 1/2-1/2

[Event "EYCC Open-U14 2019"]
[Site "Bratislava"]
[Date "2019.08.07"]
[Round "6.45"]
[White "Vaupot, Luka"]
[Black "Bansal, Saahil"]
[Result "1/2-1/2"]
[ECO "E04"]
[WhiteElo "1939"]
[BlackElo "1547"]
[Annotator "NA"]
[PlyCount "26"]
[EventDate "2019.08.02"]
[EventType "swiss"]
[EventCountry "SVK"]
[SourceTitle "playchess.com"]
[Source "ChessBase"]
[SourceQuality "1"]
[TimeControl "40/5400+30:1800+30"]

1. d4 Nf6 2. c4 e6 3. g3 d5 4. Nf3 dxc4 5. Bg2 a6 6. a4 Nc6 7. O-O Rb8 8. Qc2 Nxd4 9. Nxd4 Qxd4 10. Be3 Qd8 11. Rd1 Bd6 12. Qxc4 O-O 13. Nc3 Qe7 1/2-1/2

[Event "EYCC Open-U14 2019"]
[Site "Bratislava"]
[Date "2019.08.07"]
[Round "6.46"]
[White "Velkoski, Stojan"]
[Black "Adamia, Jaba"]
[Result "1-0"]
[ECO "B43"]
[WhiteElo "1389"]
[BlackElo "1819"]
[Annotator "NA"]
[PlyCount "113"]
[EventDate "2019.08.02"]
[EventType "swiss"]
[EventCountry "SVK"]
[SourceTitle "playchess.com"]
[Source "ChessBase"]
[SourceQuality "1"]
[TimeControl "40/5400+30:1800+30"]

1. e4 c5 2. Nc3 e6 3. Nf3 a6 4. d4 cxd4 5. Nxd4 Qc7 6. Bd3 Nf6 7. O-O d6 8. Kh1 g6 9. Qe2 Bg7 10. Bd2 Nfd7 11. Nb3 O-O 12. f4 Nc6 13. Nd1 b5 14. c3 Bb7 15. Ne3 Rae8 16. a4 bxa4 17. Rxa4 Nf6 18. Ng4 Nxg4 19. Qxg4 Qb6 20. Qd1 f5 21. exf5 gxf5 22. Re1 Ne7 23. Ra3 Rf6 24. Be3 Qc6 25. Qe2 Rg6 26. Rg1 Qc7 27. Na5 Ba8 28. Bxa6 Nd5 29. Bc1 e5 30. Qc4 Qf7 31. Bb5 Rf8 32. Bc6 Bxc6 33. Nxc6 exf4 34. Qxd5 Qxd5 35. Ne7+ Kh8 36. Nxd5 Be5 37. Bxf4 Rg4 38. Bxe5+ dxe5 39. Rga1 f4 40. Ra8 Rxa8 41. Rxa8+ Kg7 42. Ra7+ Kg6 43. b4 e4 44. Ra2 Kf5 45. b5 Rg7 46. b6 e3 47. g3 f3 48. Nxe3+ Ke4 49. Nf1 Kd3 50. Ra7 Rg6 51. Rd7+ Kxc3 52. b7 Rb6 53. Kg1 Rb2 54. Rxh7 Kd3 55. Re7 Rg2+ 56. Kh1 Rb2 57. Re3+ 1-0

[Event "EYCC Open-U14 2019"]
[Site "Bratislava"]
[Date "2019.08.07"]
[Round "6.47"]
[White "Sosovicka, Jakub"]
[Black "Maldonado Mena, German"]
[Result "0-1"]
[ECO "C60"]
[WhiteElo "2097"]
[BlackElo "1822"]
[Annotator "NA"]
[PlyCount "128"]
[EventDate "2019.08.02"]
[EventType "swiss"]
[EventCountry "SVK"]
[SourceTitle "playchess.com"]
[Source "ChessBase"]
[SourceQuality "1"]
[TimeControl "40/5400+30:1800+30"]

1. e4 e5 2. Nf3 Nc6 3. Bb5 g6 4. c3 a6 5. Ba4 b5 6. Bc2 Bg7 7. d4 exd4 8. cxd4 d5 9. exd5 Qxd5 10. Nc3 Qd8 11. Be4 Bb7 12. O-O Nge7 13. Bg5 f6 14. Bh4 g5 15. Bxg5 fxg5 16. Nxg5 Qd6 17. Qh5+ Ng6 18. Nxh7 O-O-O 19. Qxg6 Qxg6 20. Bxg6 Ne7 21. Bc2 Bxd4 22. Rad1 Rdg8 23. Ne4 Bxb2 24. Nhg5 Rh5 25. f4 Rgh8 26. h3 Nd5 27. Ng3 Rh4 28. Nf5 Rxf4 29. Ne7+ Kb8 30. Nxd5 Bd4+ 31. Rxd4 Rxd4 32. Ne3 Rd2 33. Rf2 Rxf2 34. Kxf2 c5 35. g4 a5 36. Kg3 a4 37. h4 Re8 38. Kf4 a3 39. h5 Rf8+ 40. Kg3 Re8 41. Kf2 Rf8+ 42. Ke2 Re8 43. Bg6 Rg8 44. Ne6 c4 45. Bf7 Rh8 46. g5 b4 47. g6 Rxh5 48. g7 Rh2+ 49. Kf1 b3 50. g8=Q+ Ka7 51. Nd1 Rh1+ 52. Ke2 Rh2+ 53. Ke1 Rh1+ 54. Ke2 Rh2+ 55. Nf2 c3 56. Qg1 Rg2 57. Qc1 b2 58. Qb1 Rg3 59. Nd4 Ba6+ 60. Nd3 Bxd3+ 61. Qxd3 Rxd3 62. Kxd3 b1=Q+ 63. Kxc3 Qa1+ 64. Kd3 Qf1+ 0-1

[Event "EYCC Open-U14 2019"]
[Site "Bratislava"]
[Date "2019.08.07"]
[Round "6.48"]
[White "Czernek, Tymon"]
[Black "Ruiz Buendia, Miguel"]
[Result "1-0"]
[ECO "B50"]
[WhiteElo "2003"]
[BlackElo "1806"]
[Annotator "NA"]
[PlyCount "53"]
[EventDate "2019.08.02"]
[EventType "swiss"]
[EventCountry "SVK"]
[SourceTitle "playchess.com"]
[Source "ChessBase"]
[SourceQuality "1"]
[TimeControl "40/5400+30:1800+30"]

1. e4 c5 2. Nf3 d6 3. d3 Nc6 4. g3 g6 5. Bg2 Bg7 6. O-O e5 7. c3 Nge7 8. a3 O-O 9. b4 a6 10. Be3 b6 11. Nbd2 h6 12. Nb3 Be6 13. Rb1 c4 14. dxc4 Bxc4 15. Re1 d5 16. Nfd2 Bd3 17. exd5 Bxb1 18. Nxb1 Na7 19. d6 Nec6 20. c4 f5 21. Bxc6 Nxc6 22. Qd5+ Kh7 23. Qxc6 Rc8 24. Qxb6 Rxc4 25. Qxa6 Qc8 26. Qxc8 Rcxc8 27. Bb6 1-0

[Event "EYCC Open-U14 2019"]
[Site "Bratislava"]
[Date "2019.08.08"]
[Round "7.1"]
[White "Makoveev, Ilya"]
[Black "Kostolansky, Sebastian Lukas"]
[Result "1/2-1/2"]
[ECO "B06"]
[WhiteElo "2288"]
[BlackElo "2406"]
[Annotator "NA"]
[PlyCount "80"]
[EventDate "2019.08.02"]
[EventType "swiss"]
[EventCountry "SVK"]
[SourceTitle "playchess.com"]
[Source "ChessBase"]
[SourceQuality "1"]
[TimeControl "40/5400+30:1800+30"]

1. e4 g6 2. d4 Bg7 3. Nc3 d6 4. g3 Nf6 5. Bg2 O-O 6. Nge2 c6 7. O-O Nbd7 8. a4 Qc7 9. h3 b6 10. Be3 Bb7 11. g4 e5 12. f4 exd4 13. Bxd4 Rad8 14. Ng3 d5 15. e5 Ne8 16. g5 Nc5 17. Bf2 d4 18. Nce4 Nxe4 19. Nxe4 c5 20. Bg3 Bd5 21. Qe2 Qd7 22. b3 Be6 23. Rad1 Nc7 24. c4 Bxh3 25. Bxh3 Qxh3 26. Qf3 Qd7 27. Kg2 Rfe8 28. Rh1 Ne6 29. Rd3 Nf8 30. Bf2 Re6 31. Nc3 a6 32. Bg3 Ree8 33. Ne4 Re7 34. a5 Qb7 35. Bf2 Rc7 36. axb6 Qxb6 37. Nc3 Rcd7 38. Ne4 Rc7 39. Nc3 Rcd7 40. Ne4 Rc7 1/2-1/2

[Event "EYCC Open-U14 2019"]
[Site "Bratislava"]
[Date "2019.08.08"]
[Round "7.2"]
[White "Antonica, Dragos-Andrei"]
[Black "Tsvetkov, Andrey"]
[Result "1/2-1/2"]
[ECO "D04"]
[WhiteElo "2124"]
[BlackElo "2324"]
[Annotator "NA"]
[PlyCount "93"]
[EventDate "2019.08.02"]
[EventType "swiss"]
[EventCountry "SVK"]
[SourceTitle "playchess.com"]
[Source "ChessBase"]
[SourceQuality "1"]
[TimeControl "40/5400+30:1800+30"]

1. d4 d5 2. Nf3 Nf6 3. e3 c5 4. b3 cxd4 5. exd4 Bg4 6. Bd3 Nc6 7. Bb2 e6 8. Nbd2 Be7 9. O-O O-O 10. a3 Rc8 11. Rc1 Re8 12. Qe1 Bf8 13. Qe3 Bh5 14. Ne5 Nxe5 15. dxe5 Nd7 16. c4 Bc5 17. Qg3 Nf8 18. b4 Be7 19. c5 a6 20. Bd4 Bg6 21. f4 Qd7 22. Qe3 Bxd3 23. Qxd3 f5 24. Be3 Kf7 25. Nf3 Qa4 26. Nd4 Red8 27. Qb3 Qxb3 28. Nxb3 Nd7 29. Na5 Rc7 30. Bd4 Rdc8 31. Rcd1 Nb8 32. Nb3 Nc6 33. Be3 a5 34. Bd2 a4 35. Nc1 Nd4 36. Nd3 Nb5 37. Ra1 Rc6 38. Rfc1 Nd4 39. Rcb1 Nb3 40. Ra2 b6 41. cxb6 Rxb6 42. Kf2 Rc4 43. Ke2 Rbc6 44. Kd1 Rd4 45. Ke2 Re4+ 46. Kd1 Rcc4 47. Rxb3 1/2-1/2

[Event "EYCC Open-U14 2019"]
[Site "Bratislava"]
[Date "2019.08.08"]
[Round "7.3"]
[White "Popov, Konstantin"]
[Black "Biletskiy, Danylo"]
[Result "1-0"]
[ECO "A67"]
[WhiteElo "2367"]
[BlackElo "2105"]
[Annotator "NA"]
[PlyCount "85"]
[EventDate "2019.08.02"]
[EventType "swiss"]
[EventCountry "SVK"]
[SourceTitle "playchess.com"]
[Source "ChessBase"]
[SourceQuality "1"]
[TimeControl "40/5400+30:1800+30"]

1. d4 Nf6 2. c4 c5 3. d5 e6 4. Nc3 exd5 5. cxd5 g6 6. e4 d6 7. f4 Bg7 8. Bb5+ Bd7 9. e5 Qe7 10. Nf3 dxe5 11. fxe5 Ng4 12. d6 Qd8 13. O-O O-O 14. Bg5 Qe8 15. Bxd7 Qxd7 16. h3 Nxe5 17. Nd5 Nbc6 18. Nf6+ Bxf6 19. Bxf6 Nxf3+ 20. Rxf3 h6 21. Qd2 Kh7 22. Rf4 Nd4 23. Bxd4 cxd4 24. Rxd4 g5 25. h4 Rg8 26. Re1 Rae8 27. Rxe8 Rxe8 28. hxg5 Re6 29. gxh6 Rxh6 30. Qg5 a6 31. Qd2 Kg7 32. Qg5+ Kh7 33. Rg4 Rg6 34. Rh4+ Kg7 35. Qe5+ f6 36. Qh5 Kf7 37. Qh7+ Rg7 38. Qh5+ Kf8 39. Qd5 Rg8 40. Rh6 Qd8 41. Qf5 Kg7 42. Rh7+ Kf8 43. Qe6 1-0

[Event "EYCC Open-U14 2019"]
[Site "Bratislava"]
[Date "2019.08.08"]
[Round "7.4"]
[White "Chyzy, Jakub"]
[Black "Mitusov, Semen"]
[Result "1/2-1/2"]
[ECO "C47"]
[WhiteElo "2093"]
[BlackElo "2199"]
[Annotator "NA"]
[PlyCount "89"]
[EventDate "2019.08.02"]
[EventType "swiss"]
[EventCountry "SVK"]
[SourceTitle "playchess.com"]
[Source "ChessBase"]
[SourceQuality "1"]
[TimeControl "40/5400+30:1800+30"]

1. e4 e5 2. Nf3 Nc6 3. Nc3 Nf6 4. d4 exd4 5. Nxd4 Bb4 6. Nxc6 bxc6 7. Bd3 d5 8. exd5 cxd5 9. O-O O-O 10. Bg5 c6 11. Qf3 Bd6 12. h3 Rb8 13. Rab1 h6 14. Bf4 Rb4 15. Bd2 Rh4 16. Rfe1 Bc7 17. Bf1 Rh5 18. Bf4 Rf5 19. Bxc7 Qxc7 20. Qg3 Qxg3 21. fxg3 Re8 22. Rxe8+ Nxe8 23. Re1 Kf8 24. Bd3 Rf6 25. Na4 Re6 26. Rf1 Rf6 27. Rb1 Ke7 28. b4 Nc7 29. Rb3 Kd6 30. Ra3 Re6 31. Nc5 Re1+ 32. Kf2 Rb1 33. c3 Rc1 34. Ke3 Re1+ 35. Kf2 Rc1 36. Ke2 Rg1 37. Kf2 Rc1 38. Ke2 Rg1 39. Kf3 Rc1 40. Rxa7 Rxc3 41. Ke2 Rc1 42. Nb3 Rg1 43. Kf2 Rd1 44. Bc2 Rh1 45. Bd3 1/2-1/2

[Event "EYCC Open-U14 2019"]
[Site "Bratislava"]
[Date "2019.08.08"]
[Round "7.5"]
[White "Tadic, Stefan"]
[Black "Borhy, Marcell"]
[Result "1-0"]
[ECO "C41"]
[WhiteElo "2262"]
[BlackElo "2382"]
[Annotator "NA"]
[PlyCount "65"]
[EventDate "2019.08.02"]
[EventType "swiss"]
[EventCountry "SVK"]
[SourceTitle "playchess.com"]
[Source "ChessBase"]
[SourceQuality "1"]
[TimeControl "40/5400+30:1800+30"]

1. e4 d6 2. d4 Nf6 3. Nc3 e5 4. Nf3 Nbd7 5. g4 Nxg4 6. Rg1 Ngf6 7. Bc4 h6 8. Be3 c6 9. dxe5 dxe5 10. Qd3 b5 11. Bb3 Qa5 12. O-O-O Ba6 13. Nb1 b4 14. Bxf7+ Kxf7 15. Qb3+ Nd5 16. exd5 c5 17. Nbd2 Bd6 18. Nc4 Bxc4 19. Qxc4 Nf6 20. Nh4 Rad8 21. Nf5 Rhg8 22. Kb1 Qc7 23. b3 Rc8 24. Qa6 Rcd8 25. f3 Qd7 26. Qd3 Kf8 27. Rg6 Bb8 28. Bxc5+ Kf7 29. Rdg1 Nh5 30. d6 Kf8 31. Nxh6 Nf4 32. Rf6+ Ke8 33. Qh7 1-0

[Event "EYCC Open-U14 2019"]
[Site "Bratislava"]
[Date "2019.08.08"]
[Round "7.6"]
[White "Can, Isik"]
[Black "Rozen, Eytan"]
[Result "1-0"]
[ECO "B12"]
[WhiteElo "2374"]
[BlackElo "2260"]
[Annotator "NA"]
[PlyCount "103"]
[EventDate "2019.08.02"]
[EventType "swiss"]
[EventCountry "SVK"]
[SourceTitle "playchess.com"]
[Source "ChessBase"]
[SourceQuality "1"]
[TimeControl "40/5400+30:1800+30"]

1. e4 c6 2. d4 d5 3. e5 Bf5 4. h4 h5 5. c4 e6 6. Nc3 Ne7 7. Nge2 dxc4 8. Ng3 Bd3 9. Bxd3 cxd3 10. Qxd3 Nd5 11. Bg5 Qa5 12. O-O Nd7 13. f4 Be7 14. Bxe7 Nxe7 15. Nce4 Qd5 16. b4 Rd8 17. Nd6+ Kf8 18. Nge4 Nb6 19. Nc3 Rxd6 20. Nxd5 Rxd5 21. f5 Nxf5 22. Rxf5 exf5 23. Qxf5 Rh6 24. Rf1 Rf6 25. Qxh5 Rxf1+ 26. Kxf1 Kg8 27. Qg4 a5 28. bxa5 Rxa5 29. Qg5 f6 30. Qg6 Nd5 31. e6 Rxa2 32. e7 Ra1+ 33. Kf2 Ra2+ 34. Kg1 Nxe7 35. Qe8+ Kh7 36. Qxe7 Rb2 37. h5 Rb1+ 38. Kh2 Rb5 39. Qe4+ Kh8 40. Kg1 Rg5 41. Qe7 Kh7 42. Qxb7 Rd5 43. Qf7 Rd6 44. Qg6+ Kh8 45. g4 Rxd4 46. h6 Rd1+ 47. Kg2 gxh6 48. Qxh6+ Kg8 49. Qg6+ Kh8 50. Qxf6+ Kh7 51. Qxc6 Rd2+ 52. Kg3 1-0

[Event "EYCC Open-U14 2019"]
[Site "Bratislava"]
[Date "2019.08.08"]
[Round "7.7"]
[White "Weihrauch, Jakob"]
[Black "Oglaza, Oskar"]
[Result "0-1"]
[ECO "B91"]
[WhiteElo "2201"]
[BlackElo "2345"]
[Annotator "NA"]
[PlyCount "104"]
[EventDate "2019.08.02"]
[EventType "swiss"]
[EventCountry "SVK"]
[SourceTitle "playchess.com"]
[Source "ChessBase"]
[SourceQuality "1"]
[TimeControl "40/5400+30:1800+30"]

1. e4 c5 2. Nf3 d6 3. d4 cxd4 4. Nxd4 Nf6 5. Nc3 a6 6. g3 e5 7. Nde2 Be7 8. Bg2 O-O 9. O-O b5 10. Nd5 Nxd5 11. Qxd5 Ra7 12. Be3 Rb7 13. Qd2 Nd7 14. Nc3 h6 15. Nd5 Nf6 16. Nb4 Rd7 17. Bh3 Rc7 18. Bxc8 Qxc8 19. f3 a5 20. Nd5 Nxd5 21. Qxd5 Rxc2 22. Rac1 Bg5 23. Bxg5 hxg5 24. Rxc2 Qxc2 25. Qxb5 Rc8 26. Re1 Qd2 27. Qe2 Rc2 28. Qxd2 Rxd2 29. Rb1 Kf8 30. a3 a4 31. b3 Rd3 32. bxa4 Rxf3 33. Kg2 Rxa3 34. Rb8+ Ke7 35. Ra8 Re3 36. a5 Rxe4 37. a6 Ra4 38. Kf3 d5 39. a7 g4+ 40. Ke3 Ra3+ 41. Ke2 e4 42. Rg8 Rxa7 43. Rxg7 d4 44. Rxg4 Ra2+ 45. Kf1 f5 46. Rf4 Ke6 47. g4 Rxh2 48. Rxf5 d3 49. Kg1 Rc2 50. Ra5 d2 51. Ra6+ Ke5 52. Ra5+ Kf4 0-1

[Event "EYCC Open-U14 2019"]
[Site "Bratislava"]
[Date "2019.08.08"]
[Round "7.8"]
[White "Gnojek, Petr"]
[Black "Krastev, Alexander"]
[Result "0-1"]
[ECO "E81"]
[WhiteElo "2246"]
[BlackElo "2325"]
[Annotator "NA"]
[PlyCount "97"]
[EventDate "2019.08.02"]
[EventType "swiss"]
[EventCountry "SVK"]
[SourceTitle "playchess.com"]
[Source "ChessBase"]
[SourceQuality "1"]
[TimeControl "40/5400+30:1800+30"]

1. d4 Nf6 2. c4 g6 3. f3 Bg7 4. e4 d6 5. Nc3 O-O 6. Be3 c5 7. Nge2 Nc6 8. Qd2 Qa5 9. Rd1 a6 10. dxc5 dxc5 11. Nd5 Qxd2+ 12. Rxd2 Nd7 13. f4 e6 14. Ndc3 b6 15. g3 Rd8 16. e5 Ncxe5 17. Bg2 Nxc4 18. Bxa8 Nxe3 19. b3 b5 20. Ne4 c4 21. Kf2 Ng4+ 22. Kf3 f5 23. Nf2 Nde5+ 24. fxe5 Rxd2 25. Nxg4 fxg4+ 26. Ke3 Bh6+ 27. Nf4 c3 28. Rc1 b4 29. a3 a5 30. axb4 axb4 31. Be4 Bf8 32. Nd3 Bh6+ 33. Nf4 Rd7 34. Ra1 Bb7 35. Ra7 Bc6 36. Rxd7 Bxd7 37. Kd3 Bb5+ 38. Kd4 Bxf4 39. gxf4 Be2 40. Bc2 g3 41. hxg3 Bg4 42. Kc4 Bf5 43. Bd1 c2 44. Bxc2 Bxc2 45. Kxb4 Kf7 46. Kc4 g5 47. fxg5 Kg6 48. b4 Kxg5 49. Kd4 0-1

[Event "EYCC Open-U14 2019"]
[Site "Bratislava"]
[Date "2019.08.08"]
[Round "7.9"]
[White "Trofimov, Pavel"]
[Black "Stukan, Martin"]
[Result "1/2-1/2"]
[ECO "E37"]
[WhiteElo "2151"]
[BlackElo "2303"]
[Annotator "NA"]
[PlyCount "60"]
[EventDate "2019.08.02"]
[EventType "swiss"]
[EventCountry "SVK"]
[SourceTitle "playchess.com"]
[Source "ChessBase"]
[SourceQuality "1"]
[TimeControl "40/5400+30:1800+30"]

1. d4 Nf6 2. c4 e6 3. Nc3 Bb4 4. Qc2 d5 5. a3 Bxc3+ 6. Qxc3 Ne4 7. Qc2 c5 8. dxc5 Nc6 9. Nf3 Qa5+ 10. Bd2 Qxc5 11. e3 Nxd2 12. Nxd2 d4 13. b4 Qh5 14. Be2 Qg6 15. Qxg6 hxg6 16. O-O dxe3 17. fxe3 Ne5 18. c5 Bd7 19. Rf4 Ke7 20. Nf3 Nxf3+ 21. Bxf3 Rab8 22. Rd4 Rhc8 23. Rc1 Rc7 24. Kf2 Rbc8 25. Rcd1 Ba4 26. R1d2 b6 27. c6 Ke8 28. Rd7 a5 29. R2d6 Bb5 30. Kg3 axb4 1/2-1/2

[Event "EYCC Open-U14 2019"]
[Site "Bratislava"]
[Date "2019.08.08"]
[Round "7.10"]
[White "Revaliente Montoya, Ciro"]
[Black "Kirillov, Dmitry"]
[Result "0-1"]
[ECO "B40"]
[WhiteElo "1917"]
[BlackElo "2244"]
[Annotator "NA"]
[PlyCount "92"]
[EventDate "2019.08.02"]
[EventType "swiss"]
[EventCountry "SVK"]
[SourceTitle "playchess.com"]
[Source "ChessBase"]
[SourceQuality "1"]
[TimeControl "40/5400+30:1800+30"]

1. e4 c5 2. Nf3 e6 3. d4 cxd4 4. Nxd4 Nf6 5. Nc3 Nc6 6. Ndb5 Bb4 7. e5 Nxe5 8. Bf4 d6 9. a3 Bxc3+ 10. Nxc3 O-O 11. Qd4 Nc6 12. Qxd6 e5 13. Qxd8 Rxd8 14. Be3 Bf5 15. Rc1 Rac8 16. Bb5 Nd4 17. Ba4 Ne4 18. Nxe4 Bxe4 19. f3 Bxc2 20. Bxd4 Bxa4 21. Rxc8 Rxc8 22. Bc3 f6 23. Kf2 Kf7 24. Re1 b6 25. Re4 Bb3 26. Rb4 Bc4 27. a4 Rc6 28. a5 b5 29. Ke3 a6 30. Kd2 g5 31. b3 Bd5 32. h4 h6 33. hxg5 hxg5 34. Kd3 Kg6 35. Kd2 Rc8 36. Kd3 Re8 37. Ke3 f5 38. Bb2 f4+ 39. Kd3 Kf5 40. Ke2 Rc8 41. Kd3 Rg8 42. Ke2 g4 43. Bc3 gxf3+ 44. gxf3 Rg2+ 45. Kf1 Rc2 46. Be1 Bxf3 0-1